 Dungeon Crawl Stone Soup version 0.18.1-47-g9310371 (webtiles) character file.

1731 Krovax the Nimble (level 8, -3/73 HPs)
             Began as a Minotaur Berserker on June 13, 2016.
             Was a Priest of Trog.
             Slain by a killer bee (4 damage)
             ... on level 7 of the Dungeon.
             The game lasted 01:05:40 (5436 turns).

Krovax the Nimble (Minotaur Berserker)              Turns: 5436, Time: 01:05:41

Health: -3/73      AC:  9    Str: 22    XL:     8   Next: 76%
Magic:  7/7        EV: 16    Int:  4    God:    Trog [***...]
Gold:   162        SH:  0    Dex: 12    Spells: 0 memorised, 7 levels left

rFire  . . .     SeeInvis .     G - +1 flail (protect)
rCold  . . .     Gourm    .     E - +0 robe
rNeg   . . .     Faith    .     (no shield)
rPois  .         Spirit   .     (helmet restricted)
rElec  .         Dismiss  .     T - +0 cloak
rCorr  .         Reflect  .     p - +0 pair of gloves
SustAt .         Harm     .     (no boots)
MR     ++...                    (no amulet)
Stlth  ++........               (no ring)
                                (no ring)

@: lethally poisoned (-3 -> -5), regenerating, very resistant to hostile
enchantments, unstealthy
A: retaliatory headbutt, horns 2
a: Berserk, Trog's Hand, Burn Spellbooks, Renounce Religion


You were on level 7 of the Dungeon.
You worshipped Trog.
Trog was most pleased with you.
You were not hungry.

You visited 1 branch of the dungeon, and saw 7 of its levels.
You also visited: Sewer.

You collected 162 gold pieces.

Inventory:

Hand Weapons
 a - a +0 falchion
 e - a +1 dagger of flaming
 h - a +0 hunting sling
 k - a cursed -3 hunting sling
 n - a +0 short sword of speed
 v - a +0 dagger
 C - a +0 dagger
 G - a +1 flail of protection (weapon)
 H - a +0 antimagic long sword
 I - a +0 quarterstaff
 P - a +0 giant club
 W - a +0 giant spiked club
Missiles
 i - 80 stones
 j - 7 poisoned needles
 l - 21 sling bullets
 r - 46 arrows
 F - 5 tomahawks (quivered)
 J - 2 throwing nets
 S - 21 bolts
 V - 7 javelins
Armour
 b - a +0 animal skin
 p - a +0 pair of gloves (worn)
 s - a +0 robe
 w - a +0 animal skin
 E - a +0 robe (worn)
 M - a +0 pair of gloves
 T - a +0 cloak (worn)
Jewellery
 t - an uncursed ring of protection from fire {unknown}
 D - a +6 ring of strength {unknown}
Wands
 d - a wand of confusion (23/48)
 g - a wand of paralysis (12/24)
 O - a wand of acid (7/15)
 Y - a wand of iceblast (11/15)
Scrolls
 o - 4 scrolls of identify {unknown}
 q - 2 scrolls of remove curse {unknown}
 y - a scroll of blinking {unknown}
 N - a scroll of teleportation {unknown}
 Q - 2 scrolls of enchant weapon {unknown}
 R - 4 scrolls of amnesia {unknown}
 U - a scroll of fear {unknown}
Potions
 m - 2 potions of lignification
 u - a potion of magic
 x - 2 potions of flight
 z - 3 potions of heal wounds {unknown}
 A - a potion of brilliance {unknown}
 K - a potion of degeneration {unknown}
 L - a potion of haste {unknown}
 X - a potion of curing {unknown}
 Z - a potion of mutation {unknown}
Books
 f - a book of Transfigurations

   Spells                             Type                      Level
   a - Irradiate                      Conjuration/Transmutation    5
   b - Statue Form                    Transmutation/Earth          6
   c - Hydra Form                     Transmutation                6
   d - Dragon Form                    Transmutation                7
   Trog disapproves of the use of such an item.
Comestibles
 c - a bread ration


   Skills:
 + Level 7.3 Fighting
 + Level 2.4(3.9) Short Blades
 + Level 5.1(5.4) Long Blades
 + Level 4.0 Maces & Flails
 + Level 1.4 Throwing
 + Level 2.9 Armour
 + Level 8.5 Dodging
 + Level 2.1 Stealth


You had 7 spell levels left.
You didn't know any spells.

Dungeon Overview and Level Annotations

Branches:
Dungeon (7/15)
 Temple: D:4-7

Altars:
Fedhas
Kikubaaqudgha
Qazlal
Yredelemnul


Innate Abilities, Weirdness & Mutations

You reflexively headbutt those who attack you in melee.
You have a pair of horns on your head.


Message History

You feel sick. The killer bee misses you. The killer bee barely misses you.
You furiously retaliate!
You headbutt the killer bee!
You kill the killer bee!
Trog accepts your kill.
Your Maces & Flails skill increases to level 4!
The killer bee stings you but does no damage.
The killer bee closely misses you.
* * * LOW HITPOINT WARNING * * *
You feel sick. The killer bee completely misses you.
The killer bee closely misses you. The killer bee barely misses you.
You furiously retaliate!
You headbutt the killer bee. The killer bee misses you.
You furiously retaliate!
You headbutt the killer bee!
You kill the killer bee!
Trog accepts your kill.
* * * LOW HITPOINT WARNING * * *
You feel sick.
The killer bee stings you but does no damage. x2
The killer bee stings you.
You die...

#....#
#...>.....#
+...†#
#.........#
##....#
#..<......#
#....##
##....#####
#....+
#....#
+....#
#....#
#....#
+....#
#....###
#....#
##.....#
#.@..#
+.....#


#yyy.+ #.....# +....# #.....####....# #.............# ####+#.............#
.......####........# .......# #........# .......# ######'###.$# You could see 3
killer bees.

Vanquished Creatures
  The ghost of Ery the Cudgeler, an amateur MiBe of Trog (D:4)
  A hungry ghost (D:7)
  A hippogriff (D:7)
  A black bear (D:6)
  A phantom (D:6)
  2 ogres
  A big kobold (Sewer)
  2 giant frogs
  3 killer bees (D:7)
  3 hounds
  A jelly (D:6)
  A centaur skeleton (D:6)
  Jessica (D:3)
  An iguana (D:4)
  An orc wizard (D:7)
  Natasha (twice) (D:3)
  3 worker ants
  A hound skeleton (D:4)
  Robin (D:3)
  A river rat (Sewer)
  10 adders
  An ooze (D:4)
  3 worms (D:3)
  A dart slug (D:1)
  6 giant geckos
  12 orcs
  6 bats
  4 giant cockroaches
  16 goblins
  9 hobgoblins
  2 jackals (Sewer)
  6 kobolds
  3 quokkas
  2 ball pythons
  2 giant newts
  8 rats
120 creatures vanquished.

Notes
Turn   | Place    | Note
--------------------------------------------------------------
     0 | D:1      | Krovax the Minotaur Berserker began the quest for the Orb.
     0 | D:1      | Reached XP level 1. HP: 19/19 MP: 0/0
   281 | D:2      | Reached XP level 2. HP: 25/27 MP: 1/1
   860 | D:2      | Reached XP level 3. HP: 26/33 MP: 2/2
  1055 | D:3      | Noticed Jessica
  1063 | D:3      | Killed Jessica
  1068 | D:3      | Reached XP level 4. HP: 4/40 MP: 3/3
  1313 | D:3      | Noticed a fire elemental
  1314 | D:3      | Found a stormy altar of Qazlal.
  1362 | D:3      | Noticed an earth elemental
  1362 | D:3      | Noticed a water elemental
  1362 | D:3      | Noticed an air elemental
  1397 | D:3      | Reached ** piety under Trog
  1577 | D:3      | Found a glowing drain.
  1589 | D:3      | Noticed Robin
  1598 | D:3      | Killed Robin
  1598 | D:3      | Reached skill level 5 in Long Blades
  1620 | Sewer    | Entered a sewer
  1714 | Sewer    | Noticed a big kobold
  1857 | Sewer    | Killed a big kobold
  1857 | Sewer    | Reached skill level 5 in Fighting
  1857 | Sewer    | Reached skill level 3 in Dodging
  1857 | Sewer    | Reached XP level 5. HP: 19/48 MP: 4/4
  2072 | Sewer    | Found a white marble altar of Elyvilon.
  2185 | D:3      | Noticed Natasha
  2214 | D:3      | Killed Natasha
  2351 | D:4      | Noticed Ery's ghost (amateur MiBe)
  2366 | D:4      | Reached skill level 4 in Dodging
  2366 | D:4      | Reached XP level 6. HP: 19/56 MP: 5/5
  2637 | D:3      | Reached skill level 1 in Stealth
  2660 | D:3      | Reached skill level 1 in Short Blades
  2770 | D:3      | Found a stormy altar of Qazlal.
  2774 | D:3      | Noticed Natasha
  2793 | D:3      | Killed Natasha
  2793 | D:3      | Reached *** piety under Trog
  3281 | D:4      | Reached skill level 5 in Dodging
  3424 | D:4      | Killed Ery's ghost
  3424 | D:4      | Reached skill level 1 in Maces & Flails
  3424 | D:4      | Reached skill level 6 in Dodging
  3424 | D:4      | Reached XP level 7. HP: 62/62 MP: 6/6
  3533 | D:5      | Entered Level 5 of the Dungeon
  3576 | D:5      | Found an ancient bone altar of Kikubaaqudgha.
  3663 | D:5      | Found a blossoming altar of Fedhas.
  4157 | D:6      | Reached skill level 1 in Throwing
  4199 | D:6      | Reached skill level 7 in Dodging
  4199 | D:6      | Reached XP level 8. HP: 52/71 MP: 7/7
  5069 | D:7      | Found a basalt altar of Yredelemnul.
  5174 | D:7      | Reached skill level 8 in Dodging
  5433 | D:7      | HP: 2/73 [poisoned by a killer bee]
  5436 | D:7      | Slain by a killer bee

Skill      XL: |  1  2  3  4  5  6  7  8 |
---------------+-------------------------+-----
Long Blades    | 4 5 |  5.1
Fighting       | 4 5 6 7 |  7.3
Dodging        | 3 4 6 7 8 |  8.5
Stealth        | 1 2 |  2.1
Short Blades   | 1 2 |  2.4
Maces & Flails | 1 2 4 |  4.0
Throwing       | 1 |  1.4
Armour         | |  2.9

Action                   |  1- 3 |  4- 6 |  7- 9 || total
-------------------------+-------+-------+-------++-------
Melee: Dagger            |    48 |   222 |       ||   270
       Falchion          |     4 |       |       ||     4
       Headbutt          |     8 |    40 |    21 ||    69
       Flail             |       |    27 |   100 ||   127
Throw: Tomahawk          |       |     5 |     2 ||     7
Invok: Trog's Hand       |       |     2 |     1 ||     3
       Berserk           |       |     2 |       ||     2
  Use: Potion            |       |       |     3 ||     3
 Stab: Sleeping          |       |       |     2 ||     2
  Eat: Chunk             |       |     2 |     1 ||     3
       Meat ration       |       |     1 |     1 ||     2
       Royal jelly       |       |     1 |       ||     1
       Bread ration      |       |       |     3 ||     3
Armor: Animal skin       |     6 |     1 |       ||     7
       Robe              |       |    37 |    50 ||    87
Dodge: Dodged            |    33 |   160 |   150 ||   343
